Map: Nightshade LE

Players

BerryRAWR - Winner!

  • Race: Terran Terran
  • League: Grandmaster
  • Spawn Location: 5:00

Graphix

  • Race: Zerg Zerg
  • League: Grandmaster
  • Spawn Location: 11:00

VOD

Have the link to the VOD?

Description

Time

  • Played on: Feb. 26, 2020, 11:07 p.m.
  • Length: 16:09
Show
View Real Time Build Order
Export as new Build Order

BerryRAWR Terran - Winner!

Build Orders: Gas First Reaper Expand 

Get SALT Encoding   

  12  0:01  SCV  
  14  0:14  SCV  
  14  0:17  Supply Depot  
  14  0:26  SCV  
  15  0:31  Refinery  
  15  0:39  SCV  
  16  0:45  Barracks  
  16  0:51  SCV  
  17  1:03  SCV  
  18  1:15  SCV  
  19  1:32  Reaper, Orbital Command  
  20  1:53  Command Center  
  20  1:58  Factory  
  20  1:59  SCV  
  21  2:07  Supply Depot  
  20  2:10  Barracks Reactor  
  20  2:13  SCV  
  21  2:25  SCV  
  22  2:30  Refinery  
  22  2:38  SCV  
  22  2:47  Marine x2  
  22  2:50  SCV  
  22  2:51  Hellion  
  27  3:02  SCV  
  28  3:07  Orbital Command  
  28  3:14  SCV, Starport  
  28  3:16  Marine x2  
  31  3:20  Hellion  
  31  3:26  SCV  
  34  3:29  Supply Depot  
  34  3:34  SCV  
  35  3:48  Orbital Command  
  35  3:49  Hellion x2  
  35  3:50  SCV, Medivac  
  35  3:54  Armory  
  42  3:59  Marine  
  42  4:02  SCV  
  44  4:13  SCV  
  44  4:16  Supply Depot, Hellion x2  
  49  4:17  Marine  
  49  4:20  SCV  
  51  4:25  SCV  
  51  4:30  Supply Depot, Viking  
  54  4:35  Barracks Tech Lab  
  54  4:38  SCV  
  55  4:40  Hellion x2  
  59  4:51  SCV x2  
  62  5:02  Command Center  
  62  5:03  Stimpack  
  62  5:06  Marine  
  62  5:09  SCV x2  
  62  5:13  Factory Reactor  
  62  5:30  SCV x2  
  62  5:31  Marine  
  62  5:33  Barracks x2  
  63  5:39  Engineering Bay  
  63  5:42  SCV x2, Engineering Bay  
  63  5:49  Marine  
  64  5:50  Barracks  
  64  5:54  SCV x2  
  64  5:55  Starport Reactor  
  66  5:57  Barracks  
  66  6:01  Factory Tech Lab  
  66  6:06  SCV x2  
  66  6:07  Marine  
  66  6:09  Supply Depot  
  66  6:10  Terran Infantry Weapons Level 1, Terran Infantry Armor Level 1  
  69  6:15  Orbital Command  
  69  6:18  SCV x2  
  71  6:21  Barracks Reactor  
  71  6:22  Barracks Reactor  
  71  6:23  Siege Tank  
  71  6:24  Marine  
  75  6:26  Refinery  
  75  6:30  SCV x2, Refinery  
  77  6:32  Supply Depot  
  77  6:38  Medivac x2  
  81  6:40  Marine x2  
  81  6:42  SCV, Marine  
  81  6:45  SCV  
  86  6:49  Marine  
  87  6:54  SCV, Orbital Command  
  87  6:57  SCV, Supply Depot  
  87  6:58  Marine, Supply Depot  
  87  7:00  Marine x3  
  93  7:01  Marine x2  
  93  7:02  Marauder  
  93  7:06  SCV  
  98  7:09  SCV  
  98  7:14  Combat Shield  
  99  7:16  Marine  
  99  7:18  SCV  
  99  7:19  Siege Tank  
  99  7:20  SCV  
  99  7:21  SCV  
  106  7:26  Marine  
  106  7:27  Supply Depot x2  
  106  7:29  Marine  
  108  7:30  Marine  
  108  7:31  SCV, Marine  
  108  7:32  SCV  
  108  7:33  SCV, Marine x2  
  108  7:34  Marine  
  116  7:38  Bunker  
  116  7:41  Marine  
  117  7:48  Marine x2, SCV  
  117  7:49  SCV x2  
  117  7:51  Terran Vehicle Weapons Level 1, Siege Tank  
  125  7:53  Marine  
  126  7:59  Marine, Supply Depot  
  126  8:00  Supply Depot  
  126  8:02  Marine x2, Supply Depot  
  126  8:05  Terran Infantry Weapons Level 2, Terran Infantry Armor Level 2  
  129  8:06  SCV, Marauder  
  129  8:07  SCV  
  133  8:20  Marine x5, SCV  
  133  8:22  Marine  
  133  8:24  Marine x2  
  142  8:27  Marine  
  139  8:38  Marine  
  139  8:39  Marine  
  134  8:42  Marine  
  134  8:45  Marine x6  
  138  8:49  SCV  
  138  8:52  Barracks  
  138  8:53  SCV x2, Barracks x2  
  138  8:55  Refinery x2  
  137  8:56  Marine, Factory  
  137  9:01  SCV  
  135  9:04  Marauder  
  135  9:07  Siege Tank  
  135  9:08  Command Center  
  130  9:12  Marine  
  121  9:17  SCV x3  
  121  9:22  Marine x6  
  121  9:23  Marine  
  131  9:25  Marauder  
  131  9:29  SCV  
  131  9:30  SCV, Marine  
  136  9:37  Supply Depot  
  136  9:40  Marine x2  
  136  9:41  Marine x2, Supply Depot  
  136  9:45  Marine  
  141  9:46  Marauder  
  141  9:47  SCV x3  
  141  9:48  Siege Tank  
  141  9:49  Marine x2  
  151  9:53  Factory Tech Lab  
  151  9:54  Marine  
  151  9:57  Marine, Medivac x2  
  151  9:59  Marine  
  158  10:00  SCV  
  158  10:01  SCV  
  158  10:04  Supply Depot  
  160  10:08  Marauder  
  160  10:09  Marine x2  
  160  10:10  SCV  
  160  10:12  Supply Depot  
  165  10:16  Terran Vehicle Weapons Level 2  
  165  10:18  Siege Tank  
  165  10:20  Planetary Fortress  
  166  10:29  Marauder  
  157  10:36  Marine x2  
  157  10:37  Barracks Reactor, Barracks Tech Lab x2  
  159  10:44  Siege Tank  
  159  10:45  Terran Infantry Weapons Level 3  
  159  10:46  Command Center  
  162  10:51  Refinery, Marauder  
  162  10:52  Refinery  
  162  10:53  Sensor Tower  
  162  10:54  Terran Infantry Armor Level 3  
  162  10:55  Marine  
  162  10:56  Marauder  
  167  10:57  Marine  
  167  10:58  Marine  
  167  10:59  Marine x2  
  167  11:00  Marine  
  172  11:06  Siege Tank  
  172  11:07  Marine, Marauder  
  172  11:08  Marine  
  179  11:12  Marine, Marauder  
  179  11:13  Marine  
  179  11:15  Marine x2, Concussive Shells  
  179  11:17  Marine, Medivac x2  
  179  11:18  Marauder  
  192  11:22  Marine x3  
  192  11:25  Siege Tank  
  198  11:29  Marauder  
  200  11:32  Ghost Academy  
  200  11:33  Ghost Academy x2  
  198  11:55  Marauder  
  194  12:09  Marauder  
  194  12:11  Marine  
  194  12:12  Marauder  
  199  12:24  Command Center x2  
  199  12:27  Command Center  
  199  12:30  Command Center  
  199  12:35  Marine x2  
  190  12:37  Medivac x2  
  190  12:38  Marine x2, Marauder  
  190  12:39  Marauder  
  190  12:41  Nuke x2, Personal Cloaking  
  190  12:43  Starport, Fusion Core  
  200  12:46  Command Center  
  194  13:02  Marine x4, Marauder  
  194  13:03  Marauder x2  
  195  13:09  Marine  
  194  13:13  Marine x2  
  191  13:24  Marauder x2  
  191  13:26  Medivac x2, Siege Tank  
  191  13:27  Marine  
  163  13:43  Marauder  
  163  13:45  Siege Tank  
  163  13:46  Marine x7, Marauder x2  
  163  13:47  Marine x3  
  182  13:48  Orbital Command  
  182  13:49  Orbital Command x2  
  180  13:58  Siege Tank  
  162  14:04  Marine, Marauder  
  162  14:08  Marauder x2  
  166  14:10  Marine x3  
  166  14:16  Marine x2  
  171  14:17  Widow Mine  
  173  14:25  Marine x2  
  173  14:29  Marine x2, Marauder  
  173  14:30  Widow Mine  
  184  14:47  Marine  
  184  14:48  Marine x2  
  184  14:50  Marauder  
  189  14:54  Marauder, Unknown  
  189  14:57  Marine, Marauder, Unknown  
  189  14:58  Marine  
  195  15:03  Command Center  
  195  15:12  Missile Turret, Marauder  
  197  15:15  Missile Turret x2, Marauder  
  179  15:24  Marine  
  179  15:25  Marine x4, Marauder  
  179  15:26  Marine  
  187  15:33  Marauder  
  173  15:46  Marine  
  173  15:47  Marine, Marauder x2  
Show
View Real Time Build Order
Export as new Build Order

Graphix Zerg 

Build Orders: Pool First 

Get SALT Encoding   

  12  0:00  Drone  
  13  0:14  Drone  
  13  0:18  Extractor, Drone  
  14  0:31  Spawning Pool  
  13  0:35  Drone  
  13  0:39  Extractor  
  13  0:42  Drone  
  14  0:49  Overlord  
  15  1:10  Drone  
  17  1:18  Zergling x4  
  17  1:21  Metabolic Boost  
  17  1:23  Zergling x2  
  19  1:32  Zergling x2  
  20  1:43  Hatchery  
  19  1:52  Zergling x2  
  20  1:55  Zergling x2  
  21  2:06  Overlord  
  21  2:15  Drone  
  22  2:23  Queen  
  22  2:26  Drone  
  25  2:36  Drone  
  26  2:47  Drone  
  27  2:59  Drone x2, Queen  
  27  3:01  Queen  
  33  3:06  Overlord  
  33  3:10  Drone  
  34  3:17  Drone  
  34  3:22  Drone  
  34  3:25  Hatchery  
  34  3:40  Queen  
  36  3:43  Overlord  
  36  3:44  Drone x3  
  39  3:52  Overlord  
  39  3:53  Drone x2  
  41  4:00  Drone x2  
  43  4:18  Drone x4  
  43  4:19  Queen  
  49  4:25  Drone x4  
  52  4:46  Zergling x6  
  52  4:47  Zergling x6  
  52  4:48  Roach Warren, Overlord  
  57  4:53  Spore Crawler x2  
  57  4:55  Queen  
  57  4:58  Lair  
  57  5:03  Zergling x2  
  57  5:04  Zergling x4  
  60  5:09  Drone x5  
  60  5:11  Drone  
  66  5:28  Zergling x4  
  57  5:30  Queen  
  57  5:31  Queen  
  60  5:43  Roach  
  60  5:44  Roach x5  
  72  5:54  Drone x2  
  72  5:55  Overlord  
  74  6:03  Extractor  
  73  6:04  Extractor  
  72  6:21  Drone  
  72  6:22  Drone x9  
  72  6:23  Overlord  
  72  6:25  Glial Reconstitution  
  82  6:45  Extractor  
  82  6:46  Extractor  
  82  6:47  Roach x5, Evolution Chamber  
  86  6:49  Drone  
  86  6:50  Evolution Chamber  
  86  6:51  Overlord x2  
  89  6:59  Drone  
  90  7:11  Overlord  
  90  7:12  Drone, Overlord  
  90  7:13  Drone x7  
  97  7:19  Zerg Melee Weapons Level 1  
  98  7:22  Drone  
  98  7:23  Drone x4  
  98  7:25  Overseer  
  98  7:27  Ravager  
  98  7:28  Drone  
  98  7:29  Drone  
  105  7:30  Drone x2  
  106  7:38  Zerg Ground Armor Level 1  
  106  7:40  Drone  
  106  7:41  Drone x2  
  106  7:42  Baneling Nest  
  108  7:45  Roach x3  
  108  7:46  Ravager, Roach x2  
  108  7:47  Ravager  
  120  7:58  Hatchery  
  119  7:59  Roach  
  119  8:00  Overlord x4  
  121  8:12  Extractor  
  120  8:22  Roach  
  120  8:23  Roach x9  
  120  8:26  Ravager x2  
  132  8:36  Roach  
  132  8:37  Roach x9  
  139  8:53  Roach x3  
  131  8:59  Ravager  
  131  9:00  Ravager x2  
  131  9:01  Zergling x2, Roach x2  
  131  9:02  Zergling x4  
  141  9:09  Drone  
  136  9:14  Zergling x6  
  127  9:18  Queen  
  129  9:26  Centrifical Hooks  
  129  9:27  Zerg Melee Weapons Level 2  
  129  9:29  Zergling x14  
  136  9:33  Hatchery  
  136  9:37  Zergling x8  
  139  9:44  Ravager x3  
  139  9:45  Zergling x6, Ravager  
  146  9:55  Spine Crawler  
  146  9:56  Spine Crawler  
  146  9:58  Spore Crawler, Baneling x10  
  143  10:05  Zergling x2  
  143  10:06  Zergling x14  
  151  10:07  Spine Crawler  
  151  10:13  Baneling x8  
  150  10:23  Drone x2  
  150  10:26  Extractor  
  150  10:27  Infestation Pit  
  140  10:36  Drone  
  140  10:37  Drone x9  
  140  10:38  Drone  
  140  10:42  Zerg Ground Armor Level 2  
  151  10:51  Hatchery  
  151  10:52  Zergling x12  
  156  10:59  Extractor  
  156  11:03  Baneling x6  
  155  11:04  Hive  
  155  11:05  Infestor  
  155  11:07  Overlord x3  
  157  11:27  Spire  
  157  11:32  Zergling x30  
  171  11:41  Baneling x5  
  155  12:08  Zergling x2  
  155  12:09  Zergling x38  
  155  12:12  Baneling  
  155  12:13  Baneling x7, Overlord  
  155  12:14  Overlord  
  175  12:30  Zerg Melee Weapons Level 3  
  175  12:31  Adrenal Glands  
  175  12:43  Greater Spire  
  173  12:53  Baneling x18  
  173  12:54  Baneling  
  155  13:23  Hatchery  
  155  13:25  Corruptor x6  
  146  13:28  Zergling x42  
  131  13:51  Zergling x26  
  131  13:52  Zergling x8  
  112  14:06  Zergling x10  
  112  14:07  Zergling x8  
  115  14:14  Baneling  
  115  14:28  Drone x10  
  125  14:32  Baneling  
  125  14:33  Baneling x9  
  117  14:50  Spine Crawler, Infestor  
  117  14:51  Spore Crawler, Infestor x3  
  123  14:54  Roach  
  123  14:55  Ravager  
  123  14:57  Ravager  
  127  15:01  Baneling x4  
  127  15:05  Zergling x6  
  130  15:11  Drone x7  
  135  15:19  Zergling x10  
  135  15:20  Zergling x4  
  138  15:27  Baneling  
  138  15:28  Baneling x4  
  120  15:45  Zergling x26  
  120  15:46  Zergling x6  
  120  15:49  Overseer  
Tags
 
Add a new tag
Caveats
  • Supply blocks, unpowered buildings, or Contaminate may cause inaccurate times.
  • Supply counts are checked every 10 seconds.